 Dungeon Crawl Stone Soup version 0.31-a0-728-g01b46875f1 (webtiles) character file.

Game seed: 14524835197226262048

179 cforsyth the Trooper (level 5, -1/42 HPs)
             Began as a Djinni Chaos Knight on Sept 11, 2023.
             Was a Plaything of Xom.
             Slain by a gnoll
             ... wielding a +0 halberd
              (9 damage)
             ... on level 4 of the Dungeon.
             The game lasted 00:05:29 (3152 turns).

cforsyth the Trooper (Djinni Chaos Knight)          Turns: 3152, Time: 00:05:30

Health: -1/42      AC:  6    Str:  7 (10) XL:     5   Next: 90%
Gold:   849        EV: 11    Int: 13 (14) God:    Xom [......] SH:  0 Dex: 14 (17)

rFire   + + .        a - +0 falchion (chaos)
rCold   x . .        (no shield)
rNeg    . . .        b - +2 leather armour
rPois   ∞            p - +0 helmet
rElec   .            (no cloak)
rCorr   .            (no gloves)
SInv    .            (boots unavailable)
Will    .....        (no amulet)
Stlth   +            (no ring)
HPRegen 0.27/turn    (no ring)
MPRegen 0.00/turn

%: infuse magic (-2 HP)
@: flying
A: sickness immunity, fire resistance 2, cold vulnerability 1, float, innate
caster, HP casting, extra vitality 1, agile 1, deterioration 1, subdued magic 1
a: Renounce Religion


You were on level 4 of the Dungeon.
You worshipped Xom.
You were a very special plaything of Xom.
You visited 1 branch of the dungeon, and saw 4 of its levels.
You visited the Abyss 1 time.

You collected 849 gold pieces.

Inventory:

Hand Weapons
 a - a +0 falchion of chaos (weapon)
Armour
 b - a +2 leather armour (worn)
 p - a +0 helmet (worn)
Jewellery
 n - a +5 ring of evasion
Scrolls
 d - 4 scrolls of identify
 e - 2 scrolls of noise {unknown}
 g - a scroll of fear {unknown}
 j - a scroll of enchant armour {unknown}
 k - 2 scrolls of revelation {unknown}
 l - a scroll of blinking {unknown}
 m - 2 scrolls of poison {unknown}
 r - 2 scrolls of brand weapon {unknown}
 s - 2 scrolls of teleportation
Potions
 c - 4 potions of might {unknown}
 f - 2 potions of curing
 h - a potion of invisibility {unknown}
 i - a potion of brilliance
 q - a potion of mutation


   Skills:
 + Level 4.7 Fighting
 - Level 2.6 Long Blades
 - Level 1.0 Armour
 - Level 2.1 Dodging
 + Level 2.5 Spellcasting
 + Level 2.5 Conjurations
 + Level 2.5 Hexes
   Level 0.0 Charms
 + Level 2.5 Summonings
 + Level 2.5 Necromancy
 + Level 2.5 Translocations
 + Level 2.5 Transmutations
 + Level 2.5 Fire Magic
 + Level 2.5 Ice Magic
 + Level 2.5 Air Magic
 + Level 2.5 Earth Magic
 + Level 2.5 Poison Magic


You knew the following spells:

 Your Spells              Type           Power      Damage    Failure   Level
a - Sting                 Tmut/Pois      24%        1d4       11%         1
b - Passwall              Tmut/Erth      5%         N/A       16%         2
Your spell library was empty.

Dungeon Overview and Level Annotations

Branches:
Dungeon (4/15)
 Temple: D:4-7

Altars:
Ashenzari
Dithmenos
Xom


Innate Abilities, Weirdness & Mutations

You are immune to sickness and miasma.
You are immune to poison.
Your flesh is very heat resistant. (rF++)
You are vulnerable to cold. (rC-)
You float through the air rather than walking.
You learn spells naturally, not from books.
Your magical power is your life essence.
You have superior vitality. (+4 MHP)
You are agile. (Dex +4, Str/Int -1)
Your body sometimes deteriorates upon taking damage.
Your spells are a little easier to cast, but a little less powerful.


Message History

Casting: Passwall (safe; 16% risk of failure)
Confirm with . or Enter, or press ? or * to list all spells.
Aiming: Passwall (safe; 16% risk of failure)
Press: ? - help, Dir - move target A rock wall.
You begin to meditate on the wall.
You continue meditating on the rock. x2
You finish merging with the rock.
Found a green potion.
c - 4 green potions (gained 1)
The orc shouts!
You hear a shout! x4
There are monsters nearby!
The orc hits you with a +0 war axe.
You closely miss the orc.
The gnoll hits you from afar with a +0 halberd!
The orc completely misses you.
The orc wizard shouts!
You slash the orc! You burn the orc.
You kill the orc!
The gnoll hits you from afar with a +0 halberd.
The gnoll closely misses you. The gnoll completely misses you.
Things that are here:
a +0 war axe; an orc corpse You hit the gnoll but do no damage.
The gnoll seems to grow stronger.
The gnoll hits you with a +0 halberd!!
* * * LOW HITPOINT WARNING * * *
You are too injured to fight recklessly!
You are too injured to fight recklessly!
You are too injured to fight recklessly!
You are too injured to fight recklessly!
You are too injured to fight recklessly!
You are too injured to fight recklessly!
You are too injured to fight recklessly!
You are too injured to fight recklessly!
As you read the scroll labelled QEFENT HEKIUQI, it crumbles to dust.
It is a scroll of identify.
s - 2 scrolls of teleportation The gnoll hits you with a +0 halberd!
You die...
Xom giggles madly!

#≈≈ ..o#
#######≈# ..
.... ....##..+
.# ...
.......≈## .#
###.o #.# #≈≈≈
.# ....
#.###.## #..
#.##...#
#.o#######
#.#..... #
#.og@..O.#
#...))). .###$
#.######.#
##.###). .....
# ##.######.#
#.. .##.
#.........###.#
..
#..#######....#
. #..# ###.#.#.
.. #..#
#....... ##...
#..#####.#.#.#.
.....
#.....##.##...#


You could see an ogre, an orc wizard, a gnoll (strong) and an orc.

Vanquished Creatures
  An orc wizard (D:4)
  5 adders
  A worm (D:3)
  2 dart slugs (D:1)
  5 orcs (D:4)
  8 endoplasms
  3 giant cockroaches
  8 goblins
  5 hobgoblins
  4 jackals (D:3)
  4 quokkas
  6 ball pythons
  2 bats
  3 frilled lizards
  5 kobolds
  A rat (D:2)
63 creatures vanquished.

Vanquished Creatures (collateral kills)
  Jessica (D:3)
  A rat (D:1)
2 creatures vanquished.

Grand Total: 65 creatures vanquished

Notes
Turn   | Place    | Note
-------+----------+-------------------------------------------
     0 | D:1      | cforsyth the Djinni Chaos Knight began the quest for the
                  | Orb.
     0 | D:1      | Reached XP level 1. HP: 20/20 MP: 0/0
   117 | D:1      | Reached XP level 2. HP: 21/25 MP: 0/0
   316 | D:1      | Reached skill level 1 in Spellcasting
   316 | D:1      | Reached skill level 1 in Conjurations
   316 | D:1      | Reached skill level 1 in Hexes
   316 | D:1      | Reached skill level 1 in Summonings
   316 | D:1      | Reached skill level 1 in Necromancy
   316 | D:1      | Reached skill level 1 in Translocations
   316 | D:1      | Reached skill level 1 in Transmutations
   316 | D:1      | Reached skill level 1 in Fire Magic
   316 | D:1      | Reached skill level 1 in Ice Magic
   316 | D:1      | Reached skill level 1 in Air Magic
   316 | D:1      | Reached skill level 1 in Earth Magic
   316 | D:1      | Reached skill level 1 in Poison Magic
   364 | D:1      | Reached XP level 3. HP: 24/30 MP: 0/0
   364 | D:1      | Learned a level 1 spell: Sting
   414 | D:1      | XOM: 8-stop teleportation journey
   462 | D:1      | XOM: give mutations
   462 | D:1      | Gained mutation: You have a pair of small horns on your
                  | head. [Xom's grace]
   462 | D:1      | Gained mutation: Your muscles are strong. (Str +4, Int/Dex
                  | -1) [Xom's grace]
   462 | D:1      | Gained mutation: You are agile. (Dex +4, Str/Int -1) [Xom's
                  | grace]
   754 | D:2      | XOM: cast spell 'Disjunction'
   906 | D:2      | XOM: give mutations
   906 | D:2      | Lost mutation: You have a pair of small horns on your head.
                  | [Xom's mischief]
   906 | D:2      | Gained mutation: You do not regenerate when monsters are
                  | visible. [Xom's mischief]
   906 | D:2      | Gained mutation: Your body sometimes deteriorates upon
                  | taking damage. [Xom's mischief]
   918 | D:2      | Reached XP level 4. HP: 37/37 MP: 0/0
  1138 | D:2      | Reached skill level 4 in Fighting
  1466 | D:2      | XOM: scenery: create altars
  1551 | D:2      | XOM: silly message
  1749 | D:3      | Found a shadowy altar of Dithmenos.
  1760 | D:3      | Noticed Jessica
  1769 | D:3      | XOM: summons 2 friendly demons
  1771 | D:3      | Killed Jessica
  1772 | D:3      | Reached XP level 5. HP: 22/41 MP: 0/0
  1772 | D:3      | Learned a level 2 spell: Passwall
  1929 | D:3      | XOM: chaos upgrade
  1936 | Abyss:1  | Cast into level 1 of the Abyss (kobold)
  1936 | D:3      | Escaped the Abyss
  1936 | D:3      | XOM: revert banishment
  1955 | D:3      | XOM: god gift: phial of floods
  1988 | D:3      | Identified the +0 robe "Nitisef" {rC- Int+5 Dex+5}
  2060 | D:2      | XOM: divination: detect items
  2156 | D:3      | XOM: scenery: create altars
  2311 | D:3      | XOM: god gift: 691 gold pieces
  2536 | D:4      | Found a broken altar of Ashenzari.
  2905 | D:3      | Lost mutation: You do not regenerate when monsters are
                  | visible. [potion of mutation]
  2905 | D:3      | Lost mutation: Your muscles are strong. (Str +4, Int/Dex
                  | -1) [potion of mutation]
  2905 | D:3      | Gained mutation: Your spells are a little easier to cast,
                  | but a little less powerful. [potion of mutation]
  2985 | D:4      | XOM: 1-stop teleportation journey
  3079 | D:4      | Noticed an ogre
  3090 | D:4      | XOM: enchant monster (good)
  3152 | D:4      | Slain by a gnoll

Illustrated notes

Levels and vault maps discovered:
D:1:      grunt_arrival_crossed_arrows, layout_loops_ring
D:2:      layout_basic, palyth_stone_intersect
D:3:      layout_rooms, lemuel_crystal_altar, uniq_jessica
D:4:      layout_loops_ring, trog_three_pillars_becter, ashenzari_altar_1,
          serial_shops, kennysheep_mini_moat, minmay_pentomino_pile

Skill      XL: |  1  2  3  4 |
---------------+-------------+-----
Spellcasting   | 1 2 |  2.5
Conjurations   | 1 2 |  2.5
Hexes          | 1 2 |  2.5
Summonings     | 1 2 |  2.5
Necromancy     | 1 2 |  2.5
Translocations | 1 2 |  2.5
Transmutations | 1 2 |  2.5
Fire Magic     | 1 2 |  2.5
Ice Magic      | 1 2 |  2.5
Air Magic      | 1 2 |  2.5
Earth Magic    | 1 2 |  2.5
Poison Magic   | 1 2 |  2.5
Fighting       | 4 |  4.7
Long Blades    | |  2.6
Armour         | |  1.0
Dodging        | |  2.1

Action                     |  1- 3 |  4- 6 || total
---------------------------+-------+-------++-------
  Melee: Falchion          |    68 |   125 ||   193
         Punch             |     2 |       ||     2
         Headbutt          |     4 |       ||     4
   Cast: Sting             |       |     2 ||     2
         Passwall          |       |     2 ||     2
    Use: Potion            |       |     7 ||     7
         Scroll            |       |     2 ||     2
   Stab: Sleeping          |     1 |       ||     1
 Armour: Leather armour    |    33 |   114 ||   147
  Dodge: Dodged            |    37 |   141 ||   178

Table legend: (Time is in decaauts)
 A = Elapsed time spent in this place.
 B = Non-inter-level travel time spent in this place.
 C = Inter-level travel time spent in this place.
 D = Time resting spent in this place.
 E = Time spent auto-exploring this place.
 F = Levels seen in this place.
 G = Mean time per level.
                   A        B        C        D        E       F      G
               +--------+--------+--------+--------+--------+-----+--------+
         Total |   3184 |   3107 |     77 |    372 |   2077 |   5 |  636.8 |
       Dungeon |   3184 |   3107 |     77 |    372 |   2077 |   4 |  796.0 |
         Abyss |      0 |      0 |      0 |      0 |      0 |   1 |    0.0 |
               +--------+--------+--------+--------+--------+-----+--------+

Top non-repeatable levels by time:
     D:2: 1082 daAuts
     D:3: 1004 daAuts
     D:1: 758 daAuts
     D:4: 339 daAuts
